 Dungeon Crawl Stone Soup version 0.29.1-12-g30fa7ad0bf (webtiles) character file.

Game seed: 6656568706319559139

105 Nonny the Twirler (level 4, -6/23 HPs)
             Began as a Vine Stalker Gladiator on Jan 2, 2023.
             Was a Follower of Wu Jian.
             Killed from afar by a white imp (7 damage)
             ... with a puff of frost
             ... summoned by Natasha
             ... on level 2 of the Dungeon.
             The game lasted 00:07:05 (1607 turns).

Nonny the Twirler (Vine Stalker Gladiator)          Turns: 1607, Time: 00:07:06

Health: -6/23      AC:  4    Str: 19    XL:     4   Next: 81%
Magic:  0/5        EV: 13    Int:  8    God:    Wu Jian [*.....]
Gold:   102        SH:  0    Dex: 15    Spells: 3/3 levels left

rFire   . . .      SeeInvis .   a - +0 quarterstaff
rCold   . . .      Faith    .   (shield currently unavailable)
rNeg    . . .      Spirit   +   b - +0 leather armour
rPois   .          Reflect  .   c - +0 helmet
rElec   .          Harm     .   (no cloak)
rCorr   .          Rampage  .   (no gloves)
Will    .....                   (no boots)
Stlth   ++........              (no amulet)
HPRegen 0.87/turn               (no ring)
MPRegen 0.09/turn               (no ring)

@: no status effects
A: fangs 2, regeneration 1, magic shield, antimagic bite, no potion heal 2
a: Renounce Religion


You were on level 2 of the Dungeon.
You worshipped Wu Jian.
Wu Jian was aware of your devotion.
You visited 1 branch of the dungeon, and saw 2 of its levels.

You collected 102 gold pieces.

Inventory:

Hand Weapons
 a - a +0 quarterstaff (weapon)
Missiles
 d - 3 throwing nets (quivered)
 e - a javelin
Armour
 b - a +0 leather armour (worn)
 c - a +0 helmet (worn)
Scrolls
 f - a scroll of blinking {unknown}
 g - a scroll of poison {unknown}
 h - a scroll of fog {unknown}
 i - a scroll of enchant weapon {unknown}
 j - a scroll of brand weapon {unknown}
 k - 2 scrolls of immolation {unknown}
Potions
 l - a potion of curing
 m - a potion of experience {unknown}


   Skills:
 - Level 1.7 Fighting
 + Level 3.7 Staves
 - Level 1.7 Throwing
 + Level 3.3 Dodging
 * Level 2.3 Stealth


You had 3 spell levels left.
You didn't know any spells.
Your spell library was empty.

Dungeon Overview and Level Annotations

Branches:
Dungeon (2/15)

Altars:
Wu Jian

Shops:
D:2 (

Annotations:
D:2 1 runed translucent door, Crazy Yiuf, Natasha


Innate Abilities, Weirdness & Mutations

You have extremely sharp teeth.
Your natural rate of healing is unusually fast.
When hurt, damage is shared between your health and your magic reserves.
Your bite disrupts and absorbs the magic of your enemies.
Potions cannot restore your health.


Message History

Natasha, Servant of Life and Death comes into view.
Natasha hisses angrily.
Natasha stares at you and mumbles some strange words.
The magic dart hits you.
Natasha casts a spell.
You lunge at the white imp.
You barely miss the white imp.
Natasha mumbles some strange words.
Natasha glows brightly for a moment.
Natasha casts a spell at you. The magic dart hits you.
The white imp gestures at you. The puff of frost hits you!
You see here the felid skeleton of Natasha.
You are too injured to fight recklessly!
You are too injured to fight recklessly!
You are too injured to fight recklessly!
Unknown command.
You spin and attack the white imp.
You hit the white imp. Your bite misses the white imp.
The white imp is heavily wounded.
Natasha barely misses you. The white imp gestures at you.
The puff of frost misses you.
You closely miss Natasha. You bite Natasha.
Natasha's magic leaks into the air.
You drain her magic.
You feel invigorated.
Natasha is moderately wounded.
Natasha claws you. The white imp barely misses you.
You barely miss Natasha.
Natasha is moderately wounded.
Natasha claws you. The white imp gestures at you. The puff of frost hits you.
* * * LOW HITPOINT WARNING * * *
You closely miss Natasha.
Natasha is moderately wounded.
Natasha claws you!
* * * LOW HITPOINT WARNING * * *
The white imp gestures at you. The puff of frost hits you!
You die...

#+# #.................... ## ♣♣.♣
##.....#..#####...... .## ♣.♣♣
#..######..## ##.#### ..# ♣♣.♣
#..# ##..# #.# #.# ♣.♣♣ #.#####
##.# #.# # ### ♣♣.♣♣ #.....##
#.####.# ## ♣...♣♣ #......##
#......###. ♣....♣ #...÷...#
#####...... #+..+# #...@5..#
###...####
#....####....h..####......###
#...............##...#.#..[..
#...............##.....#...(.
#................)....##...#.
##.............###.#####..###
##.....#..........#####...#.
##########..####..######.......#.
.....######..............####....


You could see Natasha (magic disrupted) and a white imp (summoned).

Vanquished Creatures
  Natasha (twice) (D:2)
  2 adders (D:2)
  A worm (D:2)
  2 bats
  4 endoplasms
  4 goblins
  5 hobgoblins (D:1)
  2 jackals (D:1)
  A quokka (D:1)
  2 ball pythons
  2 frilled lizards (D:1)
  6 kobolds
  A rat (D:1)
34 creatures vanquished.

Notes
Turn   | Place    | Note
-------+----------+-------------------------------------------
     0 | D:1      | Nonny the Vine Stalker Gladiator began the quest for the
                  | Orb.
     0 | D:1      | Reached XP level 1. HP: 11/11 MP: 2/2
    12 | D:1      | Noticed an electric eel
    38 | D:1      | Starting vault: eel aquarium!
    38 | D:1      | Teleport trap visible just past eel pool.
   142 | D:1      | Reached XP level 2. HP: 3/15 MP: 0/3
   219 | D:1      | Reached skill level 1 in Stealth
   267 | D:1      | +0 morning
   267 | D:1      | morningstar
  1049 | D:2      | fuming inky potion - lignification
  1050 | D:2      | DOAREA RESHOE - identify
  1050 | D:2      | fuming inky potion (correct) - curing
  1071 | D:2      | Reached XP level 3. HP: 18/18 MP: 4/4
  1077 | D:2      | Found a runed translucent door.
  1078 | D:2      | Noticed Crazy Yiuf
  1167 | D:2      | Found a faded altar of an unknown god.
  1191 | D:2      | Prayed at the altar of an unknown god.
  1191 | D:2      | Became a worshipper of the Wu Jian Council
  1191 | D:2      | Reached * piety under Wu Jian
  1282 | D:2      | Noticed Natasha
  1308 | D:2      | Killed Natasha
  1310 | D:2      | Gained mutation: Your natural rate of healing is unusually
                  | fast. [Vine Stalker growth]
  1310 | D:2      | Reached XP level 4. HP: 3/23 MP: 2/5
  1350 | D:2      | Noticed Natasha
  1357 | D:2      | Killed Natasha
  1421 | D:2      | Found Uthroj's Antique Weapon Shoppe.
  1599 | D:2      | Noticed Natasha
  1607 | D:2      | HP: 1/23 [Natasha (5)]
  1607 | D:2      | Killed from afar by a white imp

Illustrated notes

## .#
#################.#
................#.#
..8.............#.#
.....#########..#.#
...⌠.#≈≈≈≈≈≈S#..@.#
<....#≈≈≈≈≈≈≈#....#
...⌠.#≈≈≈≈≈≈≈#....#
.....#########..###
..8............^#
....(...........#
#################


Turn 38 on D:1: Starting vault: eel aquarium! #.....#####...#....#
#.........†...#.#### ###.####........# #.# #.)....###### #.# #......##.... #.#
#########...8 #.# #.... #.# #.⌠.. #@# #.... #.# #.⌠.. #.. #.... #### #...8 #....
##### Turn 267 on D:1: +0 morning ######## #......# #......# #......#.#
#..@.....## #.......... #......#### #......# #......# #......# ######## Turn
1049 on D:2: fuming inky potion - lignification ######## #......# #......#
#......#.# #..@.....## #.......... #......#### #......# #......# #......#
######## Turn 1050 on D:2: DOAREA RESHOE - identify

Levels and vault maps discovered:
D:1:      arrival_aquarium_a, layout_basic
D:2:      layout_rooms, nicolae_ecumenical_pavilion, serial_shops, shop_statue,
          uniq_natasha, uniq_crazy_yiuf_cottage

Skill      XL: |  1  2  3 |
---------------+----------+-----
Stealth        | 1 2 |  2.3
Staves         | 3 |  3.7
Dodging        | 3 |  3.3
Fighting       | |  1.7
Throwing       | |  1.7

Action                   |  1- 3 |  4- 6 || total
-------------------------+-------+-------++-------
Melee: Quarterstaff      |    69 |    18 ||    87
       Bite              |    13 |     7 ||    20
Invok: Whirlwind         |     4 |     1 ||     5
       Lunge             |     1 |     1 ||     2
  Use: Scroll            |     2 |       ||     2
       Potion            |     2 |       ||     2
 Stab: Sleeping          |     2 |       ||     2
Armor: Leather armour    |    20 |     2 ||    22
       Skin              |    10 |       ||    10
Dodge: Dodged            |    43 |     8 ||    51
